 Dungeon Crawl Stone Soup version 0.18.1-48-g4cf74bf (webtiles) character file.

101 rlgrobin the Insei (level 4, -6/34 HPs)
             Began as a Demigod Artificer on Sept 7, 2016.
             Killed by nerve-wracking pain
             ... invoked by Grinder
              (11 damage)
             ... on level 3 of the Dungeon on Sept 9, 2016.
             The game lasted 00:04:33 (2179 turns).

rlgrobin the Insei (Demigod Artificer)              Turns: 2179, Time: 00:04:33

Health: -6/34      AC: 10    Str: 14    XL:     4   Next: 24%
Magic:  8/8        EV:  4    Int: 16    God:
Gold:   129        SH:  0    Dex: 18    Spells: 0 memorised, 3 levels left

rFire  . . .     SeeInvis .       - Unarmed
rCold  . . .     Gourm    .     s - +0 plate armour
rNeg   + + .     Faith    .     (no shield)
rPois  .         Spirit   .     (no helmet)
rElec  .         Dismiss  .     (no cloak)
rCorr  .         Reflect  .     (no gloves)
SustAt +         Harm     .     (no boots)
MR     .....                    (no amulet)
Stlth  ..........               k - ring of positive energy
                                j - ring of positive energy

@: not resistant to hostile enchantments, extremely unstealthy
A: high mp 1, sustain attributes
a: no special abilities


You were on level 3 of the Dungeon.
You were very hungry.

You visited 1 branch of the dungeon, and saw 3 of its levels.

You collected 129 gold pieces.

Inventory:

Hand Weapons
 a - a +0 short sword
Missiles
 r - 47 stones (quivered)
Armour
 b - a +0 leather armour
 s - a +0 plate armour (worn)
Jewellery
 j - a ring of positive energy (left hand)
 k - a ring of positive energy (right hand)
 m - an uncursed ring of ice
Wands
 c - a wand of flame (15/48)
 d - a wand of enslavement (15/24)
 e - a wand of random effects (15/48)
Scrolls
 h - a scroll of teleportation {unknown}
 l - a scroll of enchant weapon {unknown}
 v - 2 scrolls of remove curse
 w - 3 scrolls of recharging {unknown}
Potions
 i - 2 potions of curing
 n - 2 potions of haste
 o - a potion of lignification
 q - a potion of magic {unknown}
 t - a potion of mutation {unknown}
 u - a potion of flight {unknown}
Comestibles
 f - a bread ration
 g - 2 meat rations
 p - a beef jerky


   Skills:
 - Level 0.8 Fighting
 - Level 0.8 Short Blades
 - Level 1.7 Dodging
 - Level 0.8 Stealth
 + Level 3.8 Unarmed Combat
 - Level 2.6 Evocations


You had 3 spell levels left.
You didn't know any spells.

Dungeon Overview and Level Annotations

Branches:
Dungeon (3/15)

Annotations:
D:3 Grinder


Innate Abilities, Weirdness & Mutations

You have an increased reservoir of magic (+10% MP).
Your attributes are resistant to harm.


Message History

Unknown command.
You closely miss Grinder.
Grinder is lightly wounded.
Grinder blinks!
Found a mace.
You see here 32 stones.
Your plate armour prevents you from hitting Grinder.
Grinder is lightly wounded.
Grinder hits you.
* * * LOW HITPOINT WARNING * * *
You closely miss Grinder.
Grinder is lightly wounded.
Grinder blinks!
Grinder closely misses you.
You hit Grinder but do no damage.
Grinder is lightly wounded.
Grinder says, "DUCK!"
Grinder gestures at you. Pain shoots through your body!
You die...

..####+ .......
.......
.......####
..........
......... .
........#####.#
.......(ยง@5...#
###...........#
..............#
...#.##'#####+#
.. +.#.<.......
) # #.........
...........
##..........
#..........


You could see Grinder.

Vanquished Creatures
  4 adders (D:2)
  An ooze (D:2)
  3 worms (D:2)
  3 dart slugs
  2 ball pythons (D:1)
  4 giant cockroaches
  4 goblins (D:2)
  5 hobgoblins (D:1)
  5 kobolds
  2 quokkas (D:2)
  3 bats
  A giant newt (D:2)
  12 rats
49 creatures vanquished.

Notes
Turn   | Place    | Note
--------------------------------------------------------------
     0 | D:1      | rlgrobin the Demigod Artificer began the quest for the Orb.
     0 | D:1      | Reached XP level 1. HP: 15/15 MP: 5/5
    76 | D:1      | Reached skill level 1 in Unarmed Combat
   279 | D:1      | Reached XP level 2. HP: 20/22 MP: 6/6
   327 | D:1      | Reached skill level 2 in Unarmed Combat
  1106 | D:2      | Reached XP level 3. HP: 16/27 MP: 7/7
  1374 | D:2      | Found an opulent altar of Gozag.
  1455 | D:2      | Reached skill level 3 in Unarmed Combat
  1724 | D:2      | Found an ancient bone altar of Kikubaaqudgha.
  1981 | D:2      | Reached XP level 4. HP: 13/34 MP: 8/8
  2159 | D:3      | Noticed Grinder
  2166 | D:3      | Paralysed by Grinder for 4 turns
  2179 | D:3      | Killed from afar by Grinder

Skill      XL: |  1  2  3 |
---------------+----------+-----
Unarmed Combat | 1 2 3 |  3.8
Fighting       | |  0.8
Short Blades   | |  0.8
Dodging        | |  1.7
Stealth        | |  0.8
Evocations     | |  2.6

Action                   |  1- 3 |  4- 6 || total
-------------------------+-------+-------++-------
Melee: Short sword       |   114 |    11 ||   125
       Unarmed           |    85 |    20 ||   105
       Punch             |     1 |       ||     1
  Use: Scroll            |     5 |       ||     5
 Stab: Sleeping          |     1 |       ||     1
  Eat: Chunk             |     3 |       ||     3
Armor: Leather armour    |     8 |       ||     8
       Plate armour      |   102 |    17 ||   119
Dodge: Dodged            |    64 |     6 ||    70
